 Dungeon Crawl Stone Soup version 0.17-a0-2231-gd80ca38 (webtiles) character file.

43373 Gingerlord the Covert (level 13, -5/67 HPs)
             Began as a Spriggan Enchanter on Nov 2, 2015.
             Was the Champion of Dithmenos.
             Killed from afar by an orc sorcerer (34 damage)
             ... with a bolt of negative energy
             ... while paralysed by an orc sorcerer
             ... on level 3 of the Orcish Mines.
             The game lasted 01:58:38 (26403 turns).

Gingerlord the Covert (Spriggan Enchanter)         Turns: 26403, Time: 01:58:38

Health: -5/67      AC: 10    Str:  8    XL:     13   Next: 90%
Magic:  30/31      EV:  4    Int: 17    God:    Dithmenos [******]
Gold:   2063       SH:  0    Dex: 17    Spells: 6 memorised, 23 levels left

rFire  + . .     SeeInvis +     k - +1 dagger (venom)
rCold  . . .     Clarity  .     P - +1 robe {rF+}
rNeg   . . .     SustAt   .     (shield restricted)
rPois  +         Gourm    .     (helmet restricted)
rElec  .         Spirit   .     m - +2 cloak
rCorr  .         Warding  .     (gloves unavailable)
rMut   +         Stasis   .     (boots unavailable)
MR     ++...                    T - amulet of resist mutation
Stlth  ++++++++++               s - ring of poison resistance
                                n - +4 ring of protection

@: paralysed, lethally poisoned (-5 -> -6), wreathed by umbra, studying Charms,
drained, very quick, very resistant to hostile enchantments, uncannily stealthy
A: unfitting armour, see invisible, herbivore 3, speed 3, slow metabolism 2
a: Shadow Step, Shadow Form, Renounce Religion


You were on level 3 of the Orcish Mines.
You worshipped Dithmenos.
Dithmenos was exalted by your worship.
You were not hungry.

You visited 4 branches of the dungeon, and saw 23 of its levels.
You also visited: Labyrinth, Ice Cave and Volcano.

You collected 2207 gold pieces.
You spent 144 gold pieces at shops.

Inventory:

Hand Weapons
 c - a +1 dagger of speed
 k - a +1 dagger of venom (weapon)
 C - a +2 vampiric dagger
Armour
 m - a +2 cloak (worn)
 B - a +1 robe of magic resistance
 P - a +1 robe of fire resistance (worn)
Jewellery
 i - an uncursed ring of protection from cold
 n - a +4 ring of protection (left hand)
 s - a ring of poison resistance (right hand)
 u - an uncursed amulet of stasis
 y - an uncursed ring of flight
 I - an uncursed amulet of clarity
 T - an amulet of resist mutation (around neck)
Wands
 t - a wand of digging (7)
 X - a wand of disintegration (23)
Scrolls
 b - 2 scrolls of recharging
 l - 7 scrolls of remove curse
 p - a scroll of identify
 z - a scroll of fear
 E - a scroll of silence
 K - a scroll of fog
 O - 3 scrolls of teleportation
 Y - 2 scrolls of magic mapping
Potions
 a - 2 potions of might
 j - a potion of cancellation {unknown}
 o - 6 potions of curing
 q - 2 potions of ambrosia
 r - 5 potions of flight
 v - 3 potions of agility
 w - a potion of lignification {unknown}
 x - 3 potions of haste
 D - 3 potions of heal wounds {unknown}
 F - a potion of magic {unknown}
 J - a potion of berserk rage {unknown}
 N - 3 potions of resistance {unknown}
 Q - a potion of brilliance {unknown}
Books
 U - a manual of Charms
Miscellaneous
 g - a crystal ball of energy
 M - a sack of spiders {used: 1}
Comestibles
 d - 10 bread rations
 H - 3 royal jellies


   Skills:
 + Level 7.3(6.6) Fighting
 - Level 10.0(9.2) Short Blades
 * Level 1.3(0.7) Armour
 - Level 11.0(10.3) Dodging
 * Level 14.4(13.6) Stealth
 * Level 13.1(12.3) Spellcasting
 - Level 2.5(1.9) Conjurations
 * Level 9.7(8.9) Hexes
 - Level 11.4(10.6) Charms
 + Level 7.1(6.4) Invocations


You had 23 spell levels left.
You knew the following spells:

 Your Spells              Type           Power        Failure   Level  Hunger
a - Corona                Hex            #####..      1%          1    None
b - Ensorcelled Hibernat  Hex/Ice        ####..       1%          2    None
c - Tukima's Dance        Hex            #####...     1%          3    None
d - Dazzling Spray        Conj/Hex       ####....     1%          3    None
e - Ozocubu's Armour      Chrm/Ice       ####....     2%          3    None
f - Confuse               Hex            #####...     1%          3    None


Dungeon Overview and Level Annotations

Branches:
Dungeon (11/15)            Temple (1/1) D:6            Lair (8/8) D:10
  Snake (0/4) Lair:6        Slime (0/6) Lair:8          Orc (3/4) D:9
    Elf (0/3) Orc:3
  Swamp: Lair:3-6    Shoals: Lair:3-6

Altars:
Ashenzari
Cheibriados
Dithmenos
Elyvilon
Fedhas
Gozag
Kikubaaqudgha
Makhleb
Nemelex Xobeh
Okawaru
Qazlal
Ru
Sif Muna
Trog
Vehumet
Xom
Yredelemnul
Zin
The Shining One
Beogh
Jiyva

Shops:
D:5 ?   Orc:2 *   Orc:3 [

Portals:
Hell: Lair:8

Annotations:
D:10 Josephine
Lair:1 exclusion: oklob plant
Lair:2 Gastronok; infinitevox's ghost, journeyman DsAs
Lair:4 infinitevox's ghost, journeyman DsAs


Innate Abilities, Weirdness & Mutations

You are tiny and cannot use many weapons and most armour.
You have supernaturally acute eyesight.
You are a herbivore.
You cover ground extremely quickly.
You need consume almost no food.


Message History

The orc sorcerer hits you but does no damage.
The orc hits you but does no damage. The orc hits you with a club.
The neqoxec hits you. The orc hits you.
The orc warrior hits you with a war axe.
The orc sorcerer hits you but does no damage.
The neqoxec gestures at you.
Strange energies course through your body.
You feel odd for a moment. The orc hits you but does no damage.
You feel sick. The orc completely misses you.
The orc sorcerer hits you with a dagger of venom.
The neqoxec hits you but does no damage.
The orc warrior barely misses you. The orc hits you but does no damage.
The orc sorcerer points at you and mumbles some strange words.
Helpless, you fail to dodge the bolt of negative energy.
You feel drained.
Ouch! That really hurt!
You die...

....................
....$................
#$...................
.###.$.(..>............[
........................
.......................
#....................
#..o3................
#oo@................
#.oo.............#..
.......................
....#.#...........##.##.
#.##.##...##..........#.
# #.. ....###.#.#.∩..#..
## ...... #.####.####.
#.#.#.##... ### # ##.


You could see a neqoxec, an orc sorcerer, an orc warrior and 3 orcs.

Vanquished Creatures
  Nessos (Lair:5)
  Snorg (Lair:5)
  A minotaur (Lab)
  Harold (Lair:1)
  3 hydras
  Erolcha (D:10)
  Pikel (D:6)
  2 orc knights (Orc:3)
  A manticore (D:11)
  An orc sorcerer (Orc:3)
  14 elephants
  10 spiny frogs
  6 black mambas
  A molten gargoyle (Volcano)
  2 torpor snails
  9 komodo dragons
  3 fire drakes
  4 polar bears
  A queen bee (D:10)
  A two-headed ogre (D:8)
  14 blink frogs
  15 yaks
  6 hippogriffs
  A basilisk (Lair:4)
  2 fire elementals (Volcano)
  A steam dragon (D:10)
  A hungry ghost (D:11)
  2 wargs (Orc:2)
  The ghost of Gingerlord the Sneak, an amateur KoAs (D:3)
  4 nagas (Lair:6)
  10 wolves
  10 porcupines
  13 orc warriors
  A phantom (D:10)
  4 ice beasts
  4 sky beasts (D:10)
  A slave (D:6)
  2 black bears
  17 water moccasins
  A centaur (D:8)
  12 crocodiles
  4 ogres
  17 giant frogs
  5 electric eels
  27 killer bees
  9 wights
  4 crimson imps
  2 centaur zombies
  A giant frog zombie (D:10)
  3 jellies
  A centaur skeleton (D:8)
  5 worker ants
  14 orc priests
  2 quasits
  A wasp zombie (D:8)
  19 orc wizards
  Jessica (D:2)
  3 hounds
  11 iguanas
  2 killer bee zombies
  12 sheep
  A hound zombie (D:8)
  A hound skeleton (D:4)
  Robin (D:2)
  63 river rats
  A worker ant zombie (D:10)
  11 adders
  3 shadow imps
  An adder skeleton (D:9)
  An adder zombie (D:7)
  4 worms
  3 giant geckos
  94 orcs
  4 giant cockroaches
  8 hobgoblins
  3 jackals (D:3)
  10 kobolds
  A ball python (D:6)
  11 bats
  6 giant newts
  10 goblins
  A jackal skeleton (D:4)
  3 quokkas
  A quokka skeleton (D:5)
  12 rats
  A plant (Lair:4)
584 creatures vanquished.

Vanquished Creatures (collateral kills)
  An orc warrior (Orc:1)
  4 wights
  2 orcs
7 creatures vanquished.

Vanquished Creatures (others)
  A giant gecko (D:10)
  A bush (Lair:8)
  23 fungi
  17 plants
42 creatures vanquished.

Grand Total: 633 creatures vanquished

Notes
Turn   | Place    | Note
--------------------------------------------------------------
     0 | D:1      | Gingerlord the Spriggan Enchanter began the quest for the Orb.
     0 | D:1      | Reached XP level 1. HP: 9/9 MP: 5/5
   492 | D:1      | Reached XP level 2. HP: 13/13 MP: 6/6
   496 | D:1      | Learned a level 2 spell: Ensorcelled Hibernation
  1091 | D:2      | Noticed Jessica
  1105 | D:2      | Killed Jessica
  1105 | D:2      | Reached XP level 3. HP: 10/17 MP: 8/8
  1337 | D:2      | Noticed Robin
  1345 | D:2      | Reached skill level 5 in Stealth
  1363 | D:2      | Killed Robin
  1367 | D:2      | Reached XP level 4. HP: 16/21 MP: 1/10
  2485 | D:3      | Reached skill level 1 in Fighting
  2621 | D:3      | Noticed Gingerlord's ghost (amateur KoAs)
  2644 | D:3      | Reached XP level 5. HP: 25/25 MP: 5/12
  2773 | D:3      | Killed Gingerlord's ghost
  2974 | D:3      | Reached skill level 6 in Stealth
  2997 | D:3      | Found a glowing golden altar of the Shining One.
  3031 | D:3      | Reached XP level 6. HP: 28/30 MP: 13/13
  3322 | D:4      | Found a sacrificial altar of Ru.
  3324 | D:4      | Found a stormy altar of Qazlal.
  3328 | D:4      | Found a radiant altar of Vehumet.
  3436 | D:4      | Found a snail-covered altar of Cheibriados.
  3437 | D:4      | Found an ancient bone altar of Kikubaaqudgha.
  3530 | D:4      | Learned a level 3 spell: Tukima's Dance
  3943 | D:5      | Entered Level 5 of the Dungeon
  4197 | D:5      | Reached skill level 5 in Hexes
  4254 | D:5      | Found Owujih's Magic Scroll Boutique.
  4337 | D:5      | Reached skill level 5 in Spellcasting
  4337 | D:5      | Reached XP level 7. HP: 33/33 MP: 15/15
  4396 | D:5      | Learned a level 3 spell: Dazzling Spray
  4472 | D:6      | Found a staircase to the Ecumenical Temple.
  4479 | Temple   | Entered the Ecumenical Temple
  4579 | Temple   | Became a worshipper of Dithmenos the Shadowed
  4830 | D:6      | Reached skill level 7 in Stealth
  5269 | D:6      | Reached skill level 5 in Dodging
  5269 | D:6      | Reached XP level 8. HP: 36/39 MP: 16/18
  5360 | D:6      | Noticed Pikel
  5439 | D:6      | Killed Pikel
  5439 | D:6      | Reached skill level 5 in Short Blades
  5439 | D:6      | Reached skill level 8 in Stealth
  5439 | D:6      | Reached skill level 1 in Conjurations
  5673 | D:7      | Reached skill level 9 in Stealth
  5810 | D:7      | Reached XP level 9. HP: 42/45 MP: 12/20
  5841 | D:7      | Reached * piety under Dithmenos
  6159 | D:7      | You fall through a shaft!
  6554 | D:8      | You fall through a shaft!
  6886 | D:8      | Reached skill level 10 in Stealth
  7546 | D:5      | Bought a scroll of identify for 26 gold pieces
  7546 | D:5      | Bought a scroll of identify for 26 gold pieces
  7546 | D:5      | Bought a scroll of identify for 26 gold pieces
  7725 | D:9      | Found a shimmering altar of Xom.
  7725 | D:9      | Found a glowing silver altar of Zin.
  7725 | D:9      | Noticed an angel
  7833 | D:9      | Reached skill level 1 in Invocations
  8749 | D:9      | Reached XP level 10. HP: 28/51 MP: 23/23
  8882 | D:9      | Reached ** piety under Dithmenos
  8899 | D:9      | Learned a level 3 spell: Ozocubu's Armour
  9018 | D:9      | Reached skill level 11 in Stealth
  9018 | D:9      | Reached skill level 1 in Charms
  9459 | D:9      | Found a staircase to the Orcish Mines.
  9672 | D:10     | Entered Level 10 of the Dungeon
  9718 | D:10     | Reached skill level 5 in Fighting
  9816 | D:10     | Found a shattered altar of Ashenzari.
  9948 | D:10     | Noticed a hill giant
 10443 | D:10     | Noticed Josephine
 10622 | D:11     | Noticed a red ugly thing
 10810 | D:11     | Reached *** piety under Dithmenos
 11010 | D:11     | Noticed a manticore
 11017 | D:11     | Killed a manticore
 11044 | D:11     | Noticed a cyclops
 11183 | D:10     | Reached XP level 11. HP: 49/56 MP: 16/25
 11785 | D:10     | Noticed Erolcha
 11955 | D:10     | Killed Erolcha
 11973 | D:10     | Found a staircase to the Lair.
 12032 | Lair:1   | Entered Level 1 of the Lair of Beasts
 12140 | Lair:1   | Reached skill level 10 in Spellcasting
 12353 | Lair:1   | Noticed Harold
 12358 | Lair:1   | Killed Harold
 12358 | Lair:1   | Reached skill level 5 in Charms
 12358 | Lair:1   | Reached skill level 5 in Invocations
 13329 | Lair:2   | Noticed Gastronok
 13395 | Lair:2   | Noticed infinitevox's ghost (journeyman DsAs)
 13482 | Lair:2   | Reached **** piety under Dithmenos
 14064 | Lair:2   | Reached XP level 12. HP: 61/61 MP: 27/27
 15163 | Lair:3   | Reached skill level 10 in Short Blades
 15648 | Lair:4   | Learned a level 3 spell: Confuse
 15671 | Lair:4   | Reached skill level 12 in Stealth
 16148 | Lair:4   | Found a snail-covered altar of Cheibriados.
 16234 | Lair:4   | Noticed a seven-headed hydra
 16334 | Lair:4   | Reached ***** piety under Dithmenos
 16448 | Lair:5   | Noticed Nessos
 16449 | Lair:5   | Found a frozen archway.
 16452 | Lair:5   | Killed Nessos
 16457 | IceCv    | Entered an ice cave
 16750 | Lair:5   | Found a dark tunnel.
 16755 | Volcano  | Entered a volcano
 16846 | Volcano  | Reached skill level 10 in Dodging
 17129 | Lair:5   | Noticed Snorg
 17137 | Lair:5   | Killed Snorg
 17143 | Lair:5   | Reached skill level 13 in Stealth
 17176 | Lair:5   | Noticed a seven-headed hydra
 17187 | Lair:5   | Killed a seven-headed hydra
 17852 | Lair:4   | Reached XP level 13. HP: 29/66 MP: 30/30
 19169 | Lair:6   | Found a staircase to the Snake Pit.
 19721 | Lair:7   | Found a labyrinth entrance.
 19825 | Lab      | Entered a labyrinth
 21125 | Lab      | Got an ancient emerald amulet
 21125 | Lab      | Got a smoking lead ring
 21126 | Lab      | Identified the ring "Ejunn" {+Fly Int+3} (You found it in a labyrinth)
 21127 | Lab      | Identified the amulet of the Queen {Gourm rN+} (You found it in a labyrinth)
 21223 | Lair:7   | Reached skill level 10 in Charms
 22219 | Lair:8   | Entered Level 8 of the Lair of Beasts
 22581 | Lair:8   | Reached skill level 14 in Stealth
 23141 | Lair:8   | Found a viscous altar of Jiyva.
 23141 | Lair:8   | Found a staircase to the Slime Pits.
 23374 | Lair:8   | Found a burning altar of Makhleb.
 23375 | Lair:8   | Found a gateway to Hell.
 24003 | Orc:1    | Entered Level 1 of the Orcish Mines
 24330 | Orc:1    | Found a roughly hewn altar of Beogh.
 24582 | Orc:2    | Found a roughly hewn altar of Beogh.
 24741 | Orc:2    | Found Owauv's Assorted Antiques.
 24745 | Orc:2    | Bought a scroll of identify for 66 gold pieces
 25056 | Orc:1    | Reached skill level 1 in Armour
 25327 | Orc:3    | Reached ****** piety under Dithmenos
 25710 | Orc:3    | Found a staircase to the Elven Halls.
 26357 | Orc:3    | Found Aratunef's Armour Emporium.
 26399 | Orc:3    | Paralysed by an orc sorcerer for 6 turns
 26403 | Orc:3    | Killed from afar by an orc sorcerer

Vault maps used:
D:1:      onia_arrival_mini_maze, minivault_23
D:2:      first_bread, uniq_robin, uniq_jessica
D:3:      nicolae_tso_carved_into_rock
D:4:      grunt_temple_overflow_open, grunt_temple_overflow_diamond
D:5:      serial_shops, shop, serial_park_tiny_pond
D:6:      temple_green, hangedman_decor_slide_cut, st_stairs_12,
          hangedman_decor_diamond_cutter, serial_park_tiny_pond,
          kennysheep_generic_room_9, uniq_pikel
D:9:      grunt_temple_overflow_order_and_chaos_1, erik_orc_2
D:10:     erik_lair_dragon, basic_altar, david_nohive_1, uniq_josephine,
          uniq_erolcha
D:11:     fedhas_altar_3
Temple:   circular_temple_12
Lair:1:   serial_bayou_pond_b, minmay_lair_oklob_bushes, serial_bayou_shore_b,
          uniq_harold
Lair:2:   serial_bayou_lagoon_a, lemuel_fruit_fields, grunt_megastairs_2,
          uniq_gastronok
Lair:4:   basic_altar, minivault_11
Lair:5:   nicolae_volcano_entry_s_turn, portal_ice_cave_entry_pillars_02,
          serial_bayou_shore_b, serial_bayou_shore_a, uniq_nessos, uniq_snorg
Lair:6:   gammafunk_lair_bear_cave, minmay_shoals_entry_lonely_mermaid,
          guppyfry_snake_entry_island, serial_bayou_shore_b
Lair:7:   lab_entry_generic, serial_bayou_shore_b
Lair:8:   evil_forest, slime_altar_1, infiniplex_staircase_pool_2
Orc:1:    basic_altar
Orc:2:    serial_shops, shop, basic_altar
Orc:3:    serial_shops, shop, nicolae_orc_pool_cavern
IceCv:    ice_cave_small_necro
Volcano:  volcano_overflow

Action                   |  1- 3 |  4- 6 |  7- 9 | 10-12 | 13-15 || total
-------------------------+-------+-------+-------+-------+-------++-------
Melee: Dagger            |    74 |   205 |   330 |  1011 |   980 ||  2600
       Short sword       |       |    22 |    91 |       |       ||   113
 Cast: Ensorcelled Hiber |     3 |     4 |    23 |    72 |    70 ||   172
       Tukima's Dance    |       |       |     2 |     9 |     5 ||    16
       Dazzling Spray    |       |       |     2 |     1 |       ||     3
       Ozocubu's Armour  |       |       |       |     2 |       ||     2
       Confuse           |       |       |       |     2 |    10 ||    12
Invok: Shadow Step       |       |       |       |     2 |     2 ||     4
Evoke: Wand              |       |       |       |     1 |     4 ||     5
       Sack of spiders   |       |       |       |     1 |       ||     1
  Use: Scroll            |     4 |     9 |    10 |     8 |     9 ||    40
       Potion            |       |       |     3 |     8 |       ||    11
 Stab: Sleeping          |     7 |    19 |    29 |   110 |    73 ||   238
       Distracted        |       |     1 |       |     6 |     4 ||    11
       Invisible         |       |       |       |     1 |       ||     1
       Confused          |       |       |       |     2 |       ||     2
  Eat: Royal jelly       |       |     1 |     1 |     4 |     1 ||     7
       Bread ration      |       |       |     1 |       |     1 ||     2
       Fruit             |       |       |       |     1 |       ||     1
       Pizza             |       |       |       |       |     2 ||     2
